[Event "Titled Tuesday Blitz April 4 Late 2023"]
[White "Andreikin, Dmitry"]
[Black "Rustemov, Alexander"]
[WhiteFideId "4158814"]
[BlackFideId "4119002"]
[WhiteElo "2736"]
[BlackElo "2852"]
[Result "1-0"]
[Round "06"]
[TimeControl "180+2"]
[Date "2023.04.04"]
[WhiteClock "0:00:16"]
[BlackClock "0:00:03"]

1. d4 d5 2. c4 c6 3. Nf3 Nf6 4. Qc2 dxc4 5. e4 b5 6. b3 cxb3 7. axb3 e6 8. Bd3 Be7 9. O-O Bb7 10. Nc3 Na6 11. Na2 h6 12. Qe2 Nb4 13. Nxb4 Bxb4 14. Bxb5 cxb5 15. Qxb5+ Qd7 16. Qxb4 Bxe4 17. Ne5 Qb7 18. Ba3 Qxb4 19. Bxb4 Nd7 20. Nc4 Bd5 21. Rfc1 Bxc4 22. Rxc4 Nf6 23. Rc7 Nd5 24. Rcxa7 Rc8 25. Bc5 h5 26. g3 Rh6 27. b4 Rb8 28. Ra8 Rxa8 29. Rxa8+ Kd7 30. Ra7+ Kc6 31. Rxf7 g5 32. h3 Kb5 33. Rg7 h4 34. Kg2 hxg3 35. fxg3 g4 36. hxg4 Kc4 37. g5 Rh8 38. Kf3 Kd3 39. b5 Rb8 40. b6 Kc4 41. g6 e5 42. Bd6 Rxb6 43. dxe5 Rb3+ 44. Kg4 Ne3+ 45. Kf4 Kd5 46. Rc7 Ng2+ 47. Kg4 Ne3+ 48. Kg5 Nf1 49. g4 Rg3 50. g7 Ne3 51. g8=Q+ 1-0


[Site "https://www.chess.com"]

[Event "Titled Tuesday Blitz April 4 Late 2023"]
[White "Yeletsky, Ivan"]
[Black "Duda, Jan-Krzysztof"]
[WhiteFideId "24180327"]
[BlackFideId "1170546"]
[WhiteElo "2422"]
[BlackElo "2790"]
[Result "1-0"]
[Round "06"]
[TimeControl "180+2"]
[Date "2023.04.04"]
[WhiteClock "0:00:06"]
[BlackClock "0:00:01"]

1. d4 Nf6 2. c4 g6 3. Nc3 d5 4. Nf3 Bg7 5. Qb3 dxc4 6. Qxc4 O-O 7. e4 Be6 8. d5 Bc8 9. Be2 c6 10. O-O cxd5 11. exd5 b6 12. Qh4 Bb7 13. Bh6 Bxd5 14. Rad1 e6 15. Ng5 Nc6 16. Rd3 Ne7 17. g4 Qc7 18. Rh3 Bxh6 19. Nxh7 Nh5 20. gxh5 Nf5 21. Nf6+ Kg7 22. Nfxd5 exd5 23. Qg4 Qe5 24. Bd3 Rad8 25. Kh1 Rd6 26. Rg1 Rf6 27. Ne2 Re8 28. hxg6 fxg6 29. f4 Qe6 30. Ng3 Nxg3+ 31. Qxg3 Bxf4 32. Qh4 1-0


[Site "https://www.chess.com"]

[Event "Titled Tuesday Blitz April 4 Late 2023"]
[White "Maksimovic, Bojan"]
[Black "Fedoseev, Vladimir"]
[WhiteFideId "14408120"]
[BlackFideId "24130737"]
[WhiteElo "2468"]
[BlackElo "2752"]
[Result "0-1"]
[Round "06"]
[TimeControl "180+2"]
[Date "2023.04.04"]
[WhiteClock "0:00:13"]
[BlackClock "0:01:23"]

1. Nf3 g6 2. g3 Bg7 3. Bg2 e5 4. O-O e4 5. Ne1 f5 6. d3 Nf6 7. c4 O-O 8. Nc3 exd3 9. Nxd3 Nc6 10. Bg5 h6 11. Bxf6 Bxf6 12. Qd2 Kh7 13. Nd5 Bg7 14. Rac1 Nd4 15. e3 Ne6 16. c5 c6 17. Nc3 d5 18. cxd6 Qxd6 19. Rfd1 Qe7 20. b4 a6 21. Qc2 Bd7 22. a4 Be8 23. b5 axb5 24. axb5 cxb5 25. Nd5 Qf7 26. Nb6 Ra6 27. Nd5 Rc6 28. Qb1 Rc4 29. Nb6 Rxc1 30. Rxc1 Ng5 31. Nf4 Bc6 32. Bxc6 bxc6 33. Rxc6 Nf3+ 34. Kh1 Qb7 35. Qxb5 Ne5 36. Ne6 Rb8 0-1


[Site "https://www.chess.com"]

[Event "Titled Tuesday Blitz April 4 Late 2023"]
[White "Mammadov, Zaur"]
[Black "Svane, Rasmus"]
[WhiteFideId "13401033"]
[BlackFideId "4657101"]
[WhiteElo "2441"]
[BlackElo "2597"]
[Result "1/2-1/2"]
[Round "06"]
[TimeControl "180+2"]
[Date "2023.04.04"]
[WhiteClock "0:00:08"]
[BlackClock "0:00:02"]

1. e4 c6 2. c4 d5 3. cxd5 cxd5 4. exd5 Nf6 5. Nc3 Nxd5 6. Nf3 g6 7. Qb3 Nb6 8. Bb5+ Bd7 9. Bxd7+ N8xd7 10. d4 Bg7 11. O-O O-O 12. a4 Qc8 13. a5 Qc4 14. Ra3 Qxb3 15. Rxb3 Nc4 16. Rxb7 Rfd8 17. a6 Nd6 18. Rb4 Rdb8 19. Ra4 Nb6 20. Ra2 Nbc4 21. Nd5 Rb3 22. Nxe7+ Kf8 23. Nc6 Rb6 24. d5 Rb5 25. Rd1 Nxb2 26. Bxb2 Bxb2 27. Rb1 Bf6 28. Rxb5 Nxb5 29. g4 h6 30. Rd2 Nc7 31. d6 Nxa6 32. d7 Bd8 33. Re2 Bb6 34. Re7 Bc5 35. Re2 Bb6 36. Nfe5 Nc5 37. Rd2 Ne6 38. Rd6 Bc7 39. Rd1 Bxe5 40. Nxe5 a5 41. Nc6 Nd8 42. Ne5 a4 43. Ra1 a3 44. Ra2 Ra4 45. h3 Ke7 46. Kg2 Ne6 47. Nd3 Kxd7 48. Kf3 Nd4+ 49. Ke3 Ne6 50. Kd2 Kd6 51. Kc3 Kd5 52. Kb3 Ra7 53. Kc3 Ke4 54. Re2+ Kf3 55. Ra2 Rc7+ 56. Kb4 Ra7 57. Ne5+ Kg2 58. Rxa3 Rxa3 59. Kxa3 Nd8 60. Kb4 Kxh3 61. Kc5 h5 62. gxh5 gxh5 63. Kd6 f5 64. Ke7 Nb7 65. Kf6 h4 66. Kxf5 Kg2 67. Kg4 h3 68. Nf3 Nd6 69. Nh4+ Kh2 70. Nf3+ Kg2 71. Nh4+ Kxf2 72. Kxh3 1/2-1/2


[Site "https://www.chess.com"]

[Event "Titled Tuesday Blitz April 4 Late 2023"]
[White "Vidit, Santosh Gujrathi"]
[Black "Timmermans, Mark"]
[WhiteFideId "5029465"]
[BlackFideId "1026399"]
[WhiteElo "2651"]
[BlackElo "2460"]
[Result "0-1"]
[Round "06"]
[TimeControl "180+2"]
[Date "2023.04.04"]
[WhiteClock "0:00:06"]
[BlackClock "0:00:15"]

1. d4 Nf6 2. Nf3 e6 3. c4 d5 4. Nc3 dxc4 5. e4 b5 6. e5 Nd5 7. Nxb5 Nb6 8. Be2 Nc6 9. Be3 Be7 10. a3 O-O 11. Qc2 Ba6 12. Nc3 Rb8 13. h4 f5 14. exf6 gxf6 15. Rd1 Nd5 16. Bc1 Rf7 17. Ne4 Na5 18. Bd2 Nb3 19. Bxc4 Nxd2 20. Rxd2 Bxc4 21. Qxc4 Rg7 22. g3 Qe8 23. Kf1 Qh5 24. Qe2 Rb6 25. Nc5 Kh8 26. Ne1 Qf5 27. Qe4 Qxe4 28. Nxe4 Rg4 29. Nc5 e5 30. dxe5 Ne3+ 31. fxe3 Bxc5 32. exf6 Bxe3 33. Rd8+ Rg8 34. Rxg8+ Kxg8 35. Nd3 Rxf6+ 36. Ke2 Bd4 37. Rc1 Re6+ 38. Kd1 Re3 39. Kd2 c5 40. Rc4 Rxg3 41. b4 cxb4 42. Rxd4 bxa3 43. Kc2 Kf7 44. Ra4 Rh3 45. Kc3 Kg6 46. Rxa3 Rxh4 47. Rxa7 Re4 48. Nf2 Re8 49. Kd4 h5 50. Ne4 h4 51. Ra6+ Kg7 52. Nd6 Rf8 53. Ke5 Kg6 54. Ne4+ Kh5 55. Nf6+ Rxf6 56. Rxf6 Kg4 57. Rg6+ Kf3 58. Rh6 Kg3 59. Ke4 h3 60. Rg6+ Kf2 61. Rf6+ Kg2 62. Rg6+ Kf2 63. Rh6 Kg2 64. Ke3 h2 65. Rg6+ Kh1 66. Ra6 Kg2 67. Ra2+ Kg3 68. Ra1 Kg2 69. Kf4 h1=Q 70. Ra2+ Kh3 71. Ra3+ Kh4 72. Ra4 Qc1+ 73. Ke5+ Kg5 74. Rd4 Qc5+ 75. Ke4 Kg4 76. Ke3+ Kg3 77. Ke4 Qg5 78. Rd3+ Kg4 79. Rd4 Qf5+ 80. Ke3+ Kg3 81. Re4 Qc5+ 82. Kd3 Kf3 83. Rd4 Qa3+ 84. Kc4 Ke3 85. Rd5 Qa2+ 86. Kc5 Ke4 87. Rd4+ Ke5 88. Rc4 Qa5+ 89. Kc6 Qd5+ 0-1


[Site "https://www.chess.com"]

[Event "Titled Tuesday Blitz April 4 Late 2023"]
[White "Urazayev, Arystanbek"]
[Black "Martinez Alcantara, Jose Eduardo"]
[WhiteFideId "13709810"]
[BlackFideId "3805662"]
[WhiteElo "2449"]
[BlackElo "2711"]
[Result "1-0"]
[Round "06"]
[TimeControl "180+2"]
[Date "2023.04.04"]
[WhiteClock "0:00:28"]
[BlackClock "0:00:07"]

1. e4 c5 2. Nf3 d6 3. d4 cxd4 4. Nxd4 Nf6 5. Nc3 a6 6. Be2 e5 7. Nb3 Be7 8. h4 Be6 9. f4 exf4 10. Bxf4 Nc6 11. Qd2 d5 12. O-O-O dxe4 13. Qe3 Qc8 14. h5 O-O 15. h6 g6 16. Rhf1 Rd8 17. Bg5 Rxd1+ 18. Bxd1 Qd8 19. Nc5 Ng4 20. Bxe7 Nxe3 21. Bxd8 Nxf1 22. Bg5 Ng3 23. N3xe4 Nxe4 24. Nxe4 f5 25. Nf6+ Kf7 26. Bf3 Ne5 27. Bxb7 Ra7 28. Bf3 Nxf3 29. gxf3 Kf8 30. Be3 Rc7 31. b4 g5 32. Bc5+ Kf7 33. Nxh7 g4 34. Ng5+ Kf6 35. h7 Rc8 36. f4 Kg6 37. Bd4 Bxa2 38. h8=Q Rxh8 39. Bxh8 g3 40. Kd2 Kh5 41. Ke3 Kg4 42. Be5 Bd5 43. c3 Bc6 44. c4 Bd7 45. Nf7 g2 46. Kf2 Kh3 47. Kg1 Kg3 48. Nd6 1-0


[Site "https://www.chess.com"]

[Event "Titled Tuesday Blitz April 4 Late 2023"]
[White "Pichot, Alan"]
[Black "Kramnik, Vladimir"]
[WhiteFideId "110973"]
[BlackFideId "4101588"]
[WhiteElo "2573"]
[BlackElo "2712"]
[Result "0-1"]
[Round "06"]
[TimeControl "180+2"]
[Date "2023.04.04"]
[WhiteClock "0:00:26"]
[BlackClock "0:00:21"]

1. e4 c5 2. Nf3 d6 3. Bb5+ Bd7 4. Bxd7+ Qxd7 5. O-O Nf6 6. Re1 Nc6 7. c3 e6 8. d4 cxd4 9. cxd4 d5 10. e5 Ne4 11. Nbd2 Nxd2 12. Bxd2 Be7 13. g3 O-O 14. h4 Rac8 15. Rc1 a6 16. Qb3 Na7 17. Bg5 Rxc1 18. Rxc1 Rc8 19. Rxc8+ Nxc8 20. Qc2 Bf8 21. h5 h6 22. Be3 Ne7 23. g4 Qb5 24. b3 Nc6 25. g5 Nb4 26. Qd2 hxg5 27. Bxg5 Qd3 28. Qf4 Nxa2 29. h6 Nc3 30. Kg2 gxh6 31. Bxh6 Qg6+ 32. Bg5 Ne4 33. Kf1 Nxg5 34. Qxg5 Qxg5 35. Nxg5 Bh6 36. Nf3 Kh7 37. Ke2 Kg6 38. Kd3 Kf5 39. Ng1 Kg4 40. Ne2 Kf3 41. Nc3 b5 42. Na2 Bf8 43. Nc3 Kxf2 44. Ne2 Kf3 45. Nc3 Be7 46. Nd1 b4 47. Nb2 f6 48. exf6 Bxf6 49. Na4 Be7 50. Nb6 Kf4 51. Nd7 Kf5 52. Nb8 Bd6 53. Nc6 Kf6 54. Ke3 Kg5 55. Kd3 Kf6 56. Ke3 Kf7 57. Kf3 Ke8 58. Kg4 Kd7 59. Na5 Kc7 60. Kg5 Kb6 61. Kf6 Kxa5 62. Kxe6 Bg3 63. Kxd5 Kb5 64. Ke6 a5 65. d5 a4 0-1


[Site "https://www.chess.com"]

[Event "Titled Tuesday Blitz April 4 Late 2023"]
[White "Castellanos Rodriguez, Renier"]
[Black "Alekseenko, Kirill"]
[WhiteFideId "3404650"]
[BlackFideId "4135539"]
[WhiteElo "2597"]
[BlackElo "2683"]
[Result "0-1"]
[Round "06"]
[TimeControl "180+2"]
[Date "2023.04.04"]
[WhiteClock "0:00:17"]
[BlackClock "0:00:35"]

1. c3 b6 2. Nf3 Bb7 3. d4 Nf6 4. Bf4 g6 5. e3 Nh5 6. Bg5 h6 7. Bh4 g5 8. Nfd2 Ng7 9. Bg3 d6 10. e4 Nd7 11. h4 gxh4 12. Bxh4 c5 13. d5 a6 14. Nf3 Qc7 15. a4 e5 16. Na3 Be7 17. Nc4 Bxh4 18. Nxh4 O-O-O 19. g3 Kb8 20. Bh3 Bc8 21. Qb3 Ka7 22. Kd2 Nf6 23. f3 Nfh5 24. Bxc8 Rxc8 25. Rh3 Rb8 26. Rah1 Qe7 27. Ne3 Qg5 28. Rg1 f5 29. Nxf5 Nxf5 30. exf5 Nf6 31. Rh4 h5 32. Ke2 Rhg8 33. Qc2 Qxh4 34. gxh4 Rxg1 35. Kf2 Rbg8 36. Qb3 Rh1 37. Ng2 Rh2 0-1


[Site "https://www.chess.com"]

[Event "Titled Tuesday Blitz April 4 Late 2023"]
[White "Zakhartsov, Vladimir"]
[Black "Gokerkan, Cem Kaan"]
[WhiteFideId "4145097"]
[BlackFideId "6336760"]
[WhiteElo "2497"]
[BlackElo "2365"]
[Result "1-0"]
[Round "06"]
[TimeControl "180+2"]
[Date "2023.04.04"]
[WhiteClock "0:00:13"]
[BlackClock "0:00:01"]

1. e4 e5 2. Nf3 Nf6 3. Nc3 d5 4. exd5 e4 5. Ng5 Bb4 6. Ngxe4 Nxe4 7. Nxe4 O-O 8. Bd3 f5 9. Nc3 Re8+ 10. Ne2 Qxd5 11. O-O Nc6 12. Nf4 Qd4 13. Qf3 Ne5 14. Qe3 Qd8 15. Be2 Kh8 16. c3 Bd6 17. d4 Ng4 18. Qd3 Qh4 19. h3 Nf6 20. g3 Qh6 21. h4 Ne4 22. Bh5 Bxf4 23. Bxe8 Bxc1 24. Raxc1 Be6 25. Ba4 g5 26. Qe3 Qh5 27. Bd1 Qg6 28. hxg5 Nxg5 29. f4 Ne4 30. g4 Rg8 31. Bf3 h6 32. Rc2 Nf6 33. Qxe6 fxg4 34. Rg2 h5 35. Bd5 Re8 36. Qf7 1-0


[Site "https://www.chess.com"]

[Event "Titled Tuesday Blitz April 4 Late 2023"]
[White "Holt, Conrad"]
[Black "Zhigalko, Sergei"]
[WhiteFideId "2034387"]
[BlackFideId "13502956"]
[WhiteElo "2592"]
[BlackElo "2626"]
[Result "1-0"]
[Round "06"]
[TimeControl "180+2"]
[Date "2023.04.04"]
[WhiteClock "0:01:23"]
[BlackClock "0:00:09"]

1. d4 Nf6 2. c4 e6 3. Nc3 Bb4 4. Qc2 O-O 5. e4 d5 6. e5 Ne4 7. Bd3 c5 8. Nf3 cxd4 9. Nxd4 Nd7 10. Bf4 Ndc5 11. O-O Bxc3 12. bxc3 Bd7 13. Be2 Na4 14. cxd5 exd5 15. f3 Nexc3 16. Bd3 g6 17. Qd2 Re8 18. Rac1 Rc8 19. Kh1 Qb6 20. Be3 Rxe5 21. Nf5 Rxe3 22. Nxe3 d4 23. Ng4 Qd6 24. Qg5 Bxg4 25. fxg4 Nc5 26. Bc4 Ne6 27. Qf6 Rxc4 28. Qxf7+ Kh8 29. Rce1 Rc6 30. Qf6+ Kg8 31. Rxe6 Qxe6 32. Qf8# 1-0


[Site "https://www.chess.com"]

[Event "Titled Tuesday Blitz April 4 Late 2023"]
[White "Goltsev, Dmitry"]
[Black "Makarian, Rudik"]
[WhiteFideId "24176710"]
[BlackFideId "44105681"]
[WhiteElo "2336"]
[BlackElo "2430"]
[Result "0-1"]
[Round "06"]
[TimeControl "180+2"]
[Date "2023.04.04"]
[WhiteClock "0:00:03"]
[BlackClock "0:00:12"]

1. e4 c5 2. Nf3 Nc6 3. d4 cxd4 4. Nxd4 e6 5. Nc3 a6 6. Be2 Qc7 7. O-O Nf6 8. Be3 d6 9. f4 Be7 10. Bf3 O-O 11. Nb3 b5 12. a3 Bb7 13. Qe2 Rac8 14. Qf2 Nd7 15. Rad1 Na5 16. Nxa5 Qxa5 17. Rd3 Qc7 18. Rfd1 Nc5 19. R3d2 Rfd8 20. f5 Bf6 21. fxe6 Nxe6 22. Bb6 Qe7 23. Bxd8 Rxd8 24. Nd5 Bxd5 25. exd5 Nc5 26. c3 Be5 27. Re2 g6 28. g3 Kg7 29. Kg2 Na4 30. Rde1 h5 31. Qd4 Qf6 32. Qa7 h4 33. Rf1 Kf8 34. Bg4 Qe7 35. Qxa6 hxg3 36. Qxb5 Nc5 37. hxg3 Qg5 38. Qc4 f5 39. Ref2 Kg7 40. b4 Ne4 41. Rf3 Qxg4 42. Qc7+ Kf6 43. Qxd8+ Kf7 44. Qd7+ Kf6 45. Qe6+ Kg7 46. Qe7+ Kg8 47. Qe8+ Kg7 48. Qe7+ Kg8 49. Rh1 Ng5 50. Qe8+ Kg7 51. Qe7+ Kg8 52. Re3 f4 53. Qe8+ Kg7 54. Qe7+ Kg8 55. Qe8+ Kg7 56. Rh4 f3+ 57. Kf2 Qxg3+ 58. Kf1 Qg2+ 59. Ke1 f2+ 60. Kd1 f1=Q+ 61. Re1 Qge2+ 62. Kc1 Qfxe1# 0-1


[Site "https://www.chess.com"]

[Event "Titled Tuesday Blitz April 4 Late 2023"]
[White "Bachmann, Axel"]
[Black "Gadimbayli, Abdulla"]
[WhiteFideId "3700488"]
[BlackFideId "13404938"]
[WhiteElo "2605"]
[BlackElo "2390"]
[Result "1-0"]
[Round "06"]
[TimeControl "180+2"]
[Date "2023.04.04"]
[WhiteClock "0:00:31"]
[BlackClock "0:00:16"]

1. Nf3 d5 2. e3 Nf6 3. c4 c6 4. Nc3 e6 5. b3 b6 6. Bb2 Bb7 7. Rc1 a6 8. d4 Nbd7 9. Bd3 Be7 10. O-O O-O 11. Qe2 dxc4 12. bxc4 c5 13. Rfd1 cxd4 14. exd4 Bb4 15. Ne4 Qe7 16. c5 bxc5 17. dxc5 Bxe4 18. Bxe4 Nxe4 19. Qxe4 Bxc5 20. Ne5 Nf6 21. Qf3 Rac8 22. Nc6 Qb7 23. Rxc5 Qxb2 24. Ne7+ Kh8 25. Rxc8 Rxc8 26. Nxc8 Nd5 27. Qxf7 1-0


[Site "https://www.chess.com"]

[Event "Titled Tuesday Blitz April 4 Late 2023"]
[White "Durarbayli, Vasif"]
[Black "Klukin, Kirill"]
[WhiteFideId "13402935"]
[BlackFideId "24199273"]
[WhiteElo "2551"]
[BlackElo "2344"]
[Result "1-0"]
[Round "06"]
[TimeControl "180+2"]
[Date "2023.04.04"]
[WhiteClock "0:00:09"]
[BlackClock "0:00:12"]

1. e4 c5 2. Nf3 g6 3. d4 cxd4 4. Nxd4 Bg7 5. Nc3 Nc6 6. Be3 Nf6 7. Nxc6 bxc6 8. e5 Ng8 9. f4 Nh6 10. Qd2 d6 11. O-O-O O-O 12. Bc4 Nf5 13. Bf2 Qa5 14. exd6 exd6 15. Bb3 d5 16. Na4 Qc7 17. Rhe1 Nd6 18. Nc5 Bg4 19. Bd4 Bxd4 20. Qxd4 Bxd1 21. Rxd1 Nf5 22. Qf2 Rfe8 23. Nd3 a5 24. Ba4 Ne3 25. Rg1 Rab8 26. g4 Re4 27. Nc5 Qb6 28. Nxe4 Qxb2+ 29. Kd2 Nc4+ 30. Ke2 dxe4 31. Rd1 Nb6 32. Qd4 Nxa4 33. Qxa4 Rb4 34. Qxc6 Rb8 35. Qc7 Rf8 36. Rd8 Rxd8 37. Qxd8+ Kg7 38. Qc7 Qxa2 39. Qe5+ Kg8 40. Qb8+ Kg7 41. Qe5+ f6 42. Qc7+ Kg8 43. Qb8+ Kg7 44. Qb7+ Kh6 45. Qxe4 a4 46. h4 a3 47. Qc6 Qf7 48. Qa6 Qe7+ 49. Kf2 Kg7 50. g5 Qe4 51. Qxf6+ Kg8 52. Qd8+ Kf7 53. Qc7+ Kg8 54. Qb8+ Kg7 55. Qa7+ Kg8 56. Qb8+ Kg7 57. Qa7+ Kg8 58. Qxa3 Qxc2+ 59. Kg3 Qf5 60. Qa8+ Kg7 61. Qb7+ Kg8 62. Qb8+ Kf7 63. Qc7+ Kg8 64. Qb8+ Kf7 65. Qb7+ Kg8 66. Qb3+ Kg7 67. Qc3+ Kg8 68. Qe3 Qd5 69. Qe8+ Kg7 70. Qe5+ Qxe5 71. fxe5 Kf7 72. Kf3 Ke7 73. Ke3 Kd7 74. Kd4 Kc6 75. Kc4 Kc7 76. Kc5 Kd7 77. Kd5 Ke7 78. e6 Ke8 79. Kd6 Kd8 80. e7+ Ke8 81. Ke6 1-0


[Site "https://www.chess.com"]

[Event "Titled Tuesday Blitz April 4 Late 2023"]
[White "Papasimakopoulos, Alexandros"]
[Black "Li, Ruifeng"]
[WhiteFideId "4244125"]
[BlackFideId "2061074"]
[WhiteElo "2359"]
[BlackElo "2441"]
[Result "0-1"]
[Round "06"]
[TimeControl "180+2"]
[Date "2023.04.04"]
[WhiteClock "0:00:20"]
[BlackClock "0:01:06"]

1. d4 e6 2. c4 b6 3. e4 Bb7 4. Bd3 d6 5. Nc3 Nd7 6. Nf3 h6 7. O-O g5 8. Re1 Bg7 9. Be3 g4 10. Nd2 h5 11. f4 gxf3 12. Nxf3 Ngf6 13. Bg5 e5 14. d5 Bh6 15. Bxh6 Rxh6 16. Qd2 Rh8 17. Bc2 h4 18. Rf1 Nh5 19. Ne2 Qe7 20. Qg5 Qxg5 21. Nxg5 Ndf6 22. Rf3 Ke7 23. Raf1 Rag8 24. Nh3 Bc8 25. Nf2 Rh7 26. Nd1 Rhg7 27. Ne3 Ng4 28. Nxg4 Bxg4 29. R3f2 Bxe2 30. Rxe2 Nf4 31. Rxf4 exf4 32. Kf1 f3 33. gxf3 Rg1+ 34. Kf2 R8g2+ 35. Ke3 Rxe2+ 36. Kxe2 Rg2+ 0-1


[Site "https://www.chess.com"]

[Event "Titled Tuesday Blitz April 4 Late 2023"]
[White "Bakalchuk, Johnatan"]
[Black "Kamsky, Gata"]
[WhiteFideId "2810301"]
[BlackFideId "2000024"]
[WhiteElo "2450"]
[BlackElo "2660"]
[Result "1-0"]
[Round "06"]
[TimeControl "180+2"]
[Date "2023.04.04"]
[WhiteClock "0:00:01"]
[BlackClock "0:00:01"]

1. e4 g6 2. d4 Bg7 3. Nc3 d6 4. Be3 a6 5. h4 h6 6. Qd2 b5 7. f4 h5 8. Nf3 Nh6 9. Bd3 e6 10. O-O-O Nc6 11. d5 b4 12. Ne2 exd5 13. exd5 Ne7 14. Bd4 O-O 15. Be4 a5 16. Ng5 Bg4 17. Rde1 Nef5 18. Bxg7 Kxg7 19. Nd4 Qf6 20. Nb5 Rab8 21. Bd3 Nd4 22. Ne4 Qf5 23. Nxd4 Qxd5 24. Nb3 a4 25. c4 bxc3 26. Nxc3 Qa8 27. Nd4 a3 28. b3 c5 29. Be4 Qa5 30. Nc6 Qc7 31. Nxb8 Qxb8 32. Nd5 Be6 33. Qc3+ f6 34. Bf3 Bf7 35. Re7 Ng8 36. Re3 Qd8 37. Rd1 Re8 38. Rxe8 Qxe8 39. Re1 Qd7 40. Qd3 Qd8 41. Nc3 Qa5 42. Qd2 1-0


[Site "https://www.chess.com"]

[Event "Titled Tuesday Blitz April 4 Late 2023"]
[White "Rodshtein, Maxim"]
[Black "Melkumyan, Hrant"]
[WhiteFideId "2806851"]
[BlackFideId "13302485"]
[WhiteElo "2555"]
[BlackElo "2604"]
[Result "1-0"]
[Round "06"]
[TimeControl "180+2"]
[Date "2023.04.04"]
[WhiteClock "0:00:31"]
[BlackClock "0:00:24"]

1. Nf3 c5 2. e4 Nc6 3. Nc3 e5 4. Bc4 Be7 5. d3 d6 6. Nd2 Nf6 7. Nf1 Bg4 8. f3 Be6 9. Ne3 O-O 10. a4 Nd7 11. Ncd5 Bg5 12. c3 a6 13. O-O Rb8 14. f4 exf4 15. Nxf4 Bxf4 16. Rxf4 Nde5 17. Bd5 Ne7 18. Bxe6 fxe6 19. Rxf8+ Qxf8 20. d4 cxd4 21. cxd4 N5g6 22. Qg4 Qc8 23. Bd2 Qd7 24. d5 Nf8 25. Rf1 Neg6 26. Bc3 exd5 27. Nf5 Re8 28. Nh6+ Kh8 29. Rf7 Qxf7 30. Nxf7+ Kg8 31. Nxd6 Re6 32. e5 Nxe5 33. Bxe5 Rxe5 34. Qf4 Re7 35. Nf5 Rd7 36. Qe5 1-0


[Site "https://www.chess.com"]

[Event "Titled Tuesday Blitz April 4 Late 2023"]
[White "Kravtsiv, Martyn"]
[Black "Tsvetkov, Andrey"]
[WhiteFideId "14113147"]
[BlackFideId "34139360"]
[WhiteElo "2695"]
[BlackElo "2319"]
[Result "1-0"]
[Round "06"]
[TimeControl "180+2"]
[Date "2023.04.04"]
[WhiteClock "0:00:51"]
[BlackClock "0:00:02"]

1. e4 c5 2. Nf3 d6 3. Bb5+ Nd7 4. d4 cxd4 5. Qxd4 a6 6. Bxd7+ Bxd7 7. O-O e5 8. Qd3 Rc8 9. c4 b5 10. Na3 Qb6 11. cxb5 axb5 12. Bd2 Nf6 13. Rac1 Rxc1 14. Rxc1 Be7 15. Bb4 h6 16. h3 g5 17. Rd1 g4 18. hxg4 Nxg4 19. Rd2 Nf6 20. Bxd6 Bxd6 21. Qxd6 Qxd6 22. Rxd6 Nxe4 23. Rd5 f6 24. Nxe5 Be6 25. Rxb5 O-O 26. Ng6 Re8 27. f3 Ng5 28. b3 Rd8 29. Nf4 Rd2 30. Rxg5+ fxg5 31. Nxe6 Rxa2 32. Nc4 Kf7 33. Nd4 Kf6 34. Kf1 h5 35. b4 h4 36. Ne2 Kf5 37. b5 g4 38. Ne3+ Kg5 39. Nxg4 Rb2 40. Kf2 Rxb5 41. Ne3 Rb2 42. Nc4 Rc2 43. Nd6 Rb2 44. Ne4+ Kf5 45. Nc3 Kg5 46. Kg1 Rc2 47. Ne4+ Kf5 48. Nd4+ Kf4 49. Nxc2 1-0


[Site "https://www.chess.com"]

[Event "Titled Tuesday Blitz April 4 Late 2023"]
[White "Paravyan, David"]
[Black "Riff, Vincent"]
[WhiteFideId "4194985"]
[BlackFideId "617776"]
[WhiteElo "2563"]
[BlackElo "2369"]
[Result "1-0"]
[Round "06"]
[TimeControl "180+2"]
[Date "2023.04.04"]
[WhiteClock "0:00:24"]
[BlackClock "0:01:34"]

1. d4 d5 2. c4 c6 3. Nf3 Nf6 4. e3 Bf5 5. Nc3 e6 6. Nh4 Be4 7. f3 Bg6 8. Bd2 Nbd7 9. Qb3 b5 10. cxb5 c5 11. a4 c4 12. Qd1 e5 13. Be2 Bd6 14. O-O Qb8 15. f4 exd4 16. exd4 Be4 17. Bf3 O-O 18. Bxe4 Nxe4 19. Nxd5 f5 20. Nc3 Ndf6 21. Nxf5 Qb6 22. Be3 Nxc3 23. bxc3 Nd5 24. Qg4 Rxf5 25. Qxf5 Nxe3 26. Qe6+ Kh8 27. Qxe3 Rf8 28. g3 Qb7 29. Rae1 Qc7 30. Qe6 1-0


[Site "https://www.chess.com"]

[Event "Titled Tuesday Blitz April 4 Late 2023"]
[White "Hakobyan, Aram"]
[Black "Kilic, Eray"]
[WhiteFideId "13306677"]
[BlackFideId "44517173"]
[WhiteElo "2584"]
[BlackElo "2328"]
[Result "1/2-1/2"]
[Round "06"]
[TimeControl "180+2"]
[Date "2023.04.04"]
[WhiteClock "0:00:10"]
[BlackClock "0:00:10"]

1. e4 c5 2. Nf3 d6 3. Nc3 Nf6 4. d4 cxd4 5. Nxd4 a6 6. Bd3 g6 7. f3 Qb6 8. a3 Nc6 9. Be3 e5 10. Nf5 Qd8 11. Ng3 Bg7 12. O-O O-O 13. Bc4 Qc7 14. Qd2 Be6 15. Bxe6 fxe6 16. Rad1 Ne8 17. Nge2 b5 18. f4 Rd8 19. Rf2 Nf6 20. h3 d5 21. exd5 Nxd5 22. Nxd5 Rxd5 23. Qc1 Rxd1+ 24. Qxd1 exf4 25. Bxf4 Qb6 26. Qd6 Re8 27. c3 Bf8 28. Qd7 Re7 29. Qc8 Qb7 30. Qxb7 Rxb7 31. Be3 Rd7 32. Ng3 Rd3 33. Re2 Rxe3 34. Rxe3 Bc5 35. Kf2 Na5 36. b4 Bxe3+ 37. Kxe3 Nc4+ 38. Kd4 Nxa3 39. Ne4 Nc4 40. Nc5 e5+ 41. Ke4 a5 42. bxa5 Nxa5 43. Kxe5 b4 44. cxb4 Nc6+ 45. Ke4 Nxb4 46. g4 Kf7 47. Nd7 Nc6 48. Kd5 Nb4+ 49. Kd6 Nc2 50. Ne5+ Kf6 51. h4 g5 52. Nd7+ Kf7 53. Ne5+ Kf6 54. h5 Ne3 55. h6 Ng2 56. Kd5 Nf4+ 57. Ke4 Ng6 58. Nd7+ Ke6 59. Nc5+ Kf6 60. Nd7+ Ke6 61. Nb8 Nf8 62. Nc6 Nd7 63. Nd4+ Kf6 64. Nf3 Kg6 65. Ke3 Kxh6 66. Ke4 Kg6 67. Ke3 Nf6 68. Ne5+ Kg7 69. Kf3 h6 70. Kg3 Kf8 71. Nf3 Kf7 72. Nd4 Kg6 73. Nc6 Ne4+ 74. Kf3 Nd6 75. Ne5+ Kf6 76. Nd3 Nf7 77. Nc5 Ne5+ 78. Kg3 Ng6 79. Nd7+ Ke6 80. Nc5+ Kd5 81. Nd7 Nf4 82. Nf6+ Ke5 83. Nd7+ Kd6 84. Nf6 Ke6 85. Ne4 Ke5 86. Nc5 Ne2+ 87. Kf3 Nd4+ 88. Kg3 Ne6 89. Nd7+ Kd6 90. Nf6 Ke7 91. Ng8+ Kf7 92. Nxh6+ Kg6 93. Nf5 Kf6 94. Ne3 Nd4 95. Nc4 Nc6 96. Nd6 Ne5 97. Ne4+ Kg6 98. Nc5 Nxg4 99. Ne6 Nf6 100. Nxg5 1/2-1/2


[Site "https://www.chess.com"]

[Event "Titled Tuesday Blitz April 4 Late 2023"]
[White "Bortnyk, Olexandr"]
[Black "tuschessCM1"]
[WhiteFideId "14120828"]
[WhiteElo "2734"]
[BlackElo "2736"]
[Result "1-0"]
[Round "06"]
[TimeControl "180+2"]
[Date "2023.04.04"]
[WhiteClock "0:00:26"]
[BlackClock "0:00:02"]

1. d4 Nf6 2. Nc3 d5 3. Bf4 g6 4. e3 Bg7 5. h4 a6 6. h5 Nxh5 7. Rxh5 gxh5 8. Qxh5 c6 9. Qh2 Qb6 10. O-O-O Nd7 11. Nf3 Nf6 12. Bc7 Qa7 13. Na4 Nd7 14. Qg3 Kf8 15. Bd3 b5 16. Nc3 Nf6 17. Rh1 Bg4 18. Be5 h5 19. Nh4 c5 20. f3 Be6 21. Nf5 Bxf5 22. Bxf5 cxd4 23. exd4 e6 24. Bd3 Ne8 25. Ne2 Bxe5 26. Qxe5 Ng7 27. Nf4 Rh6 28. g4 Qb8 29. Qg5 Rh8 30. Qf6 Kg8 31. gxh5 Qd8 32. Qe5 Qb8 33. Qe3 Qd8 34. h6 Ne8 35. h7+ Kf8 36. Rh6 Ra7 37. Qe5 Ng7 38. Nh5 f5 39. Rf6+ Ke8 40. Rxe6+ Kf8 41. Rf6+ 1-0


[Site "https://www.chess.com"]

[Event "Titled Tuesday Blitz April 4 Late 2023"]
[White "Lamard, Guillaume"]
[Black "Xiong, Jeffery"]
[WhiteFideId "600261"]
[BlackFideId "2047640"]
[WhiteElo "2413"]
[BlackElo "2726"]
[Result "0-1"]
[Round "06"]
[TimeControl "180+2"]
[Date "2023.04.04"]
[WhiteClock "0:00:10"]
[BlackClock "0:01:00"]

1. d4 d5 2. c4 e6 3. Nf3 dxc4 4. e3 Nf6 5. Bxc4 c5 6. O-O Nc6 7. Nbd2 cxd4 8. exd4 Be7 9. Re1 Nxd4 10. Nxd4 Qxd4 11. Qa4+ Bd7 12. Qb3 Qb6 13. Qg3 O-O 14. Nf3 Rfc8 15. Bb3 Bd6 16. Ne5 Be8 17. Bh6 Bf8 18. Bg5 Nd5 19. Ng4 Kh8 20. Rad1 f6 21. Bc1 Bf7 22. Qh3 a5 23. Ne3 Rd8 24. Bc2 Bg8 25. Nxd5 exd5 26. Qh4 Re8 27. Bb3 Bc5 28. Ba4 Re4 29. Rxe4 dxe4 30. Bc2 e3 31. Bxe3 Bxe3 32. fxe3 Qxe3+ 33. Kh1 Re8 34. h3 Qe2 35. Ba4 Re4 36. Qg3 Rxa4 37. Rd7 Qf1+ 38. Kh2 Qf4 0-1


[Site "https://www.chess.com"]